 Dungeon Crawl Stone Soup version 0.28.0-1-gb440e238dd (webtiles) character file.

Game seed: 4421400438463251868

68930 Jenx the Brawler (level 14, -1/133 HPs)
             Began as a Troll Delver on Feb 28, 2022.
             Was a Believer of Elyvilon.
             Slain by a two-headed ogre (17 damage)
             ... on level 2 of the Orcish Mines.
             The game lasted 00:54:50 (15945 turns).

Jenx the Brawler (Troll Delver)                    Turns: 15945, Time: 00:54:51

Health: -1/133     AC: 10    Str: 27    XL:     14   Next: 88%
Magic:  29/29      EV: 12    Int:  6    God:    Elyvilon [**....]
Gold:   1495       SH: 11    Dex: 15    Spells: 13/13 levels left

rFire   + . .      SeeInvis .     - Unarmed
rCold   . . .      Faith    .   h - +0 kite shield "Papsey" {rN+}
rNeg    + + .      Spirit   .   D - +2 troll leather armour
rPois   +          Reflect  .   g - +0 hat {Stlth+}
rElec   .          Harm     .   u - +0 cloak
rCorr   +          Rampage  .   (gloves unavailable)
Will    ++...      Clarity  +   (boots unavailable)
Stlth   +++.......              n - amulet of magic regeneration
HPRegen 1.92/turn               e - ring of Vyt Duef {Wiz rF+ Will+ rCorr}
MPRegen 0.61/turn               N - ring "Puile" {rPois rN+ MP+9 Str+2}

@: no status effects
A: large, unfitting armour, claws 3, regeneration 1, shaggy fur 1, tough skin 1,
agile 1, clarity, screaming 1
a: Renounce Religion, Purification, Heal Other


You were on level 2 of the Orcish Mines.
You worshipped Elyvilon.
Elyvilon was pleased with you.
You visited 5 branches of the dungeon, and saw 21 of its levels.
You also visited: Ossuary.

You collected 1870 gold pieces.
You spent 375 gold pieces at shops.

Inventory:

Hand Weapons
 a - a +3 vorpal whip
Missiles
 x - 5 atropa-tipped darts
Armour
 g - a +0 hat of stealth (worn)
 h - the +0 kite shield "Papsey" (worn) {rN+}
   (You acquired it on level 6 of the Dungeon)

   rN:        It protects you from negative energy.
 u - a +0 cloak (worn)
 w - a +2 robe of cold resistance
 D - a +2 troll leather armour (worn)
 P - the +1 robe of Vines {NoPotionHeal Regen++++}
   (You found it on level 6 of the Lair of Beasts)

   Its wearer cannot be healed by potions.
   Regen:     It increases your rate of health regeneration.
Jewellery
 d - a +4 ring of protection
 e - the ring of Vyt Duef (left claw) {Wiz rF+ Will+ rCorr}
   (You found it on level 7 of the Dungeon)

   [ring of wizardry]

   It improves your spell success rate.
   rF:        It protects you from fire.
   rCorr:     It protects you from acid and corrosion.
   Will:      It increases your willpower.
 n - an amulet of magic regeneration (around neck)
 B - a ring of flight
 H - a ring of wizardry
 I - a ring of see invisible
 J - a +6 ring of strength
 N - the ring "Puile" (right claw) {rPois rN+ MP+9 Str+2}
   (You found it on level 7 of the Dungeon)

   [ring of magical power]

   Str:       It affects your strength (+2).
   rPois:     It protects you from poison.
   rN:        It protects you from negative energy.
   MP:        It affects your magic capacity (+9).
 O - the ring of Shadows {Umbra +Inv Stlth+}
   (You found it on level 7 of the Dungeon)

   [ring of stealth]

   It surrounds you with an aura of shadow, increasing your stealth and reducing
   the accuracy of all others within it.
   +Inv:      It lets you turn invisible.
   Stlth:     It makes you more stealthy.
Wands
 f - a wand of digging (4)
 i - a wand of flame (38)
 s - a wand of charming (5)
 z - a wand of polymorph (11)
 C - a wand of acid (7)
 K - a wand of iceblast (10)
 M - a wand of mindburst (9) (quivered)
 U - a wand of paralysis (4)
Scrolls
 b - 5 scrolls of fog
 j - 5 scrolls of magic mapping
 o - a scroll of teleportation
 y - a scroll of acquirement
 G - 3 scrolls of blinking
Potions
 c - a potion of ambrosia {unknown}
 k - 4 potions of flight
 l - 5 potions of curing
 r - 3 potions of invisibility
 v - a potion of magic
 A - 2 potions of resistance
 E - a potion of brilliance
 F - 3 potions of cancellation
 R - a potion of berserk rage {unknown}


   Skills:
 + Level 7.3 Fighting
 * Level 6.4 Armour
 - Level 8.3 Dodging
 - Level 2.7 Stealth
 + Level 10.6 Shields
 * Level 15.5 Unarmed Combat
 + Level 10.0 Invocations


You had 13 spell levels left.
You didn't know any spells.
Your spell library contained the following spells:

 Spells                   Type           Power      Damage    Failure   Level
 Beastly Appendage        Tmut           0%         N/A       38%         1
 Summon Small Mammal      Summ           0%         N/A       38%         1
 Ensorcelled Hibernation  Hex/Ice        0%         N/A       50%         2
 Passwall                 Tmut/Erth      0%         N/A       50%         2
 Wereblood                Tmut           0%         N/A       50%         2
 Call Canine Familiar     Summ           0%         N/A       73%         3
 Portal Projectile        Hex/Tloc       0%         N/A       73%         3
 Spider Form              Tmut/Pois      0%         N/A       73%         3
 Summon Guardian Golem    Hex/Summ       0%         N/A       73%         3
 Swiftness                Air            0%         N/A       73%         3
 Anguish                  Hex/Necr       0%         N/A       98%         4
 Leda's Liquefaction      Hex/Erth       0%         N/A       98%         4


Dungeon Overview and Level Annotations

Branches:
Dungeon (11/15)            Temple (1/1) D:4            Lair (6/6) D:11
 Shoals (0/4) Lair:2       Spider (0/4) Lair:4        Slime (1/5) Lair:5
    Orc (1/2) D:10            Elf (0/3) Orc:2       Ossuary (visited)

Altars:
Ashenzari
Dithmenos
Elyvilon
Fedhas
Gozag
Kikubaaqudgha
Makhleb
Okawaru
Qazlal
Ru
Sif Muna
Trog
Uskayaw
Vehumet
Zin
The Shining One

Shops:
D:1 *   D:4 ?   Orc:2 [?:[

Portals:
Hell: Lair:6


Innate Abilities, Weirdness & Mutations

You are too large for most types of armour.
You have claws for hands.
Your natural rate of healing is unusually fast.
You are covered in fur. (AC +1)
You have tough skin. (AC +1)
You are agile. (Dex +2)
You possess an exceptional clarity of mind.
You occasionally shout uncontrollably at your foes.


Message History

The ogre seems to regain its courage.
The ogre begs, "Why can't we all just get along?"
Found 12 gold pieces.
Found 24 gold pieces.
Found 26 gold pieces.
The ogre mage casts a spell at the two-headed ogre.
The two-headed ogre seems to speed up.
Unknown command.
The ogre mage mumbles some strange words.
The ogre mage flickers and vanishes!
An orc wizard and an orc come into view.
You yell at the orc wizard!
The orc wizard shouts!
The orc shouts!
You hear a shout! x6
An orc wizard comes into view. It is wielding a +0 dagger.
The orc wizard gestures wildly while chanting.
The orc wizard flickers and vanishes!
An orc wizard comes into view. It is wielding a +0 dagger.
The orc wizard casts a spell at you. The magic dart hits you.
The ogre completely misses you.
An orc comes into view. It is wielding a +0 trident.
The orc shouts!
The orc wizard shouts!
An orc warrior comes into view. It is wielding a +0 dire flail.
An orc comes into view. It is wielding a +0 club.
You block the ogre's attack. You block the orc warrior's attack.
The two-headed ogre hits you with a +0 giant club! x2
The orc wizard mumbles some strange words.
The orc wizard flickers and vanishes!
You block the orc warrior's attack. The two-headed ogre barely misses you.
The two-headed ogre closely misses you. You block the orc's attack.
The two-headed ogre hits you with a +0 giant club!! x2
* * * LOW HITPOINT WARNING * * *
The warg stops to sniff the ground.
The ogre closely misses you.
The two-headed ogre hits you with a +0 giant club.
* * * LOW HITPOINT WARNING * * *
The two-headed ogre hits you with a +0 giant club!
* * * LOW HITPOINT WARNING * * *
The two-headed ogre hits you with a +0 giant club!
You die...

#T............###....#
.
O.............#...$###
#.
..#....##...........##
#.. ...##
##....C......##... ...
###.....#.......... #.
#.#...###O.........
#.....# #...O......
#.#..o.## ###........
#..@O.####.......$##
#.##..o..###{.o..... #
###Oh..#O.o.......
#...o...T{.o.#....
##..#...O.##.#.##o
##.##.....#####
#####.#.## #..### #...


You could see a two-headed ogre (fast), a deep troll, a cyclops, a warg, an orc
warrior, 2 ogres, an orc wizard and an orc.

Vanquished Creatures
  Rupert (Lair:5)
  A dire elephant (Lair:6)
  A boulder beetle (Lair:4)
  Erolcha (D:10)
  A hell beast (Lair:6)
  3 two-headed ogres
  A death knight (D:7)
  7 death yaks
  A wizard (Lair:6)
  An orc knight (D:10)
  Pikel (D:4)
  2 ugly things (D:9)
  An oklob plant (Lair:6)
  A cyclops (D:7)
  5 black mambas
  A smoke demon (Lair:6)
  5 elephants
  3 orange demons (Lair:6)
  A torpor snail (Lair:5)
  Psyche (D:8)
  Maggie (D:8)
  14 cane toads
  5 rime drakes
  11 komodo dragons
  A hornet (D:9)
  4 trolls
  3 ice devils (Lair:6)
  3 polar bears
  Grinder (D:3)
  A slime creature (Lair:3)
  2 dream sheep (Lair:5)
  9 blink frogs
  A vampire (D:11)
  2 shadows
  3 culicivoras (Lair:4)
  2 wyverns
  A wraith (D:9)
  47 yaks
  4 basilisks
  A warg (D:10)
  2 acid dragons
  Duvessa (D:5)
  4 hell hounds (Lair:6)
  15 water moccasins
  Pargi (D:3)
  3 sky beasts
  An ice beast (D:7)
  11 orc warriors
  3 necrophages
  3 ogres
  11 centaurs
  28 wolves
  2 phantoms
  3 kobold brigands
  12 bullfrogs
  2 gnoll sergeants
  A scorpion (D:7)
  A water moccasin zombie (D:7)
  Dowan (D:5)
  9 wights
  2 centaur zombies
  2 howler monkeys
  2 bullfrog zombies (D:6)
  4 human zombies (Ossuary)
  10 jellies
  8 orc priests
  4 hounds
  5 bullfrog skeletons
  2 human skeletons (D:6)
  3 iguanas
  9 orc wizards
  3 hound zombies (Ossuary)
  A hound skeleton (D:5)
  4 mummies (Ossuary)
  A howler monkey zombie (D:9)
  Robin (D:2)
  12 gnolls
  2 howler monkey skeletons
  3 adders
  2 shadow imps (D:6)
  A white imp (D:7)
  3 adder zombies (Ossuary)
  5 worms
  The ghost of Dvallin the Sneak, a weakling KoDe (D:5)
  3 dart slugs
  32 orcs
  3 bats
  25 endoplasms
  2 giant cockroaches
  A gnoll zombie (Ossuary)
  12 goblins
  11 hobgoblins
  6 jackals (D:1)
  19 kobolds
  A quokka (D:1)
  8 ball pythons
  3 frilled lizards
  A kobold zombie (Ossuary)
  3 orc skeletons (D:6)
  An orc zombie (D:6)
  7 rats
497 creatures vanquished.

Vanquished Creatures (others)
  2 hydras
  2 two-headed ogres (Orc:2)
  A death yak (Lair:5)
  2 deep elf pyromancers (D:7)
  2 cane toads (Lair:6)
  A torpor snail (Lair:6)
  3 trolls
  3 yaks
  A water moccasin (Lair:6)
  An ogre (Orc:2)
  A centaur (D:7)
  A bullfrog (Lair:4)
  2 orc priests
  A hound (D:7)
  An orc wizard (D:7)
  11 orcs
  30 fungi
  44 plants
109 creatures vanquished.

Grand Total: 606 creatures vanquished

Notes
Turn   | Place    | Note
-------+----------+-------------------------------------------
     0 | D:5      | Jenx the Troll Delver began the quest for the Orb.
     0 | D:5      | Reached XP level 1. HP: 22/22 MP: 0/0
    24 | D:5      | Reached XP level 2. HP: 19/29 MP: 1/1
   103 | D:5      | Reached XP level 3. HP: 19/36 MP: 2/2
   151 | D:5      | Found an ancient bone altar of Kikubaaqudgha.
   191 | D:4      | Found a staircase to the Ecumenical Temple.
   198 | D:4      | Reached skill level 3 in Unarmed Combat
   200 | D:4      | Reached XP level 4. HP: 44/44 MP: 3/3
   222 | Temple   | Entered the Ecumenical Temple
   338 | Temple   | Became a worshipper of Elyvilon the Healer
   388 | D:4      | HP: 2/44 [orc priest/divine providence (9)]
   542 | D:3      | Noticed Grinder
   565 | D:3      | Noticed Pargi
   577 | D:3      | Killed Pargi
   578 | D:3      | Reached XP level 5. HP: 34/53 MP: 4/4
   678 | D:2      | Reached * piety under Elyvilon
   825 | D:2      | Reached skill level 1 in Invocations
   866 | D:2      | Found a hide-covered altar of Uskayaw.
   871 | D:2      | Reached skill level 4 in Unarmed Combat
   918 | D:1      | Found Hasaud's Assorted Antiques.
  1077 | D:1      | Reached ** piety under Elyvilon
  1370 | D:1      | Found a faded altar of an unknown god.
  1393 | D:1      | Got the Incunabulum of Calling
  1839 | D:2      | Reached XP level 6. HP: 58/61 MP: 6/6
  1863 | D:2      | Noticed Robin
  1872 | D:2      | Killed Robin
  2129 | D:2      | Reached *** piety under Elyvilon
  2644 | D:3      | Paralysed by Grinder for 6 turns
  2653 | D:3      | Killed Grinder
  2654 | D:3      | Reached skill level 5 in Unarmed Combat
  2654 | D:3      | Reached XP level 7. HP: 60/68 MP: 7/7
  3194 | D:4      | Noticed Pikel
  3207 | D:4      | Killed Pikel
  3208 | D:4      | Reached skill level 6 in Unarmed Combat
  3208 | D:4      | Reached XP level 8. HP: 62/78 MP: 7/9
  3396 | D:4      | Found Uvar's Magic Scroll Shoppe.
  3412 | D:4      | Bought a scroll of identify for 20 gold pieces
  3525 | D:5      | Noticed Dowan
  3533 | D:5      | Noticed Duvessa
  3542 | D:5      | Killed Duvessa
  3545 | D:5      | Killed Dowan
  3566 | D:5      | Reached **** piety under Elyvilon
  3566 | D:5      | Found a runed translucent door.
  3566 | D:5      | Noticed Dvallin's ghost (weakling KoDe)
  3587 | D:5      | Killed Dvallin's ghost
  3791 | D:5      | Noticed a troll
  3814 | D:5      | Killed a troll
  3815 | D:5      | Reached skill level 7 in Unarmed Combat
  4361 | D:6      | Found a sand-covered staircase.
  4366 | Ossuary  | Entered an ossuary
  4404 | Ossuary  | Reached skill level 5 in Fighting
  4442 | Ossuary  | Reached XP level 9. HP: 88/88 MP: 11/11
  4575 | Ossuary  | Identified 3 scrolls of acquirement
  4592 | D:6      | Acquired the +0 kite shield "Papsey" {rN+}
  4711 | D:6      | Reached skill level 5 in Dodging
  4711 | D:6      | Reached skill level 1 in Shields
  4715 | D:6      | Reached skill level 8 in Unarmed Combat
  5353 | D:7      | Reached skill level 5 in Invocations
  5376 | D:7      | Reached skill level 9 in Unarmed Combat
  5531 | D:7      | Noticed a deep elf pyromancer
  5531 | D:7      | Noticed a deep elf pyromancer
  5531 | D:7      | Noticed a seven-headed hydra
  5531 | D:7      | Noticed a troll
  5543 | D:7      | Pacified a seven-headed hydra
  5544 | D:7      | Reached XP level 10. HP: 20/96 MP: 9/13
  5548 | D:7      | Killed a deep elf pyromancer
  5555 | D:7      | Killed a deep elf pyromancer
  5556 | D:7      | Killed a seven-headed hydra
  5582 | D:7      | Noticed a death knight
  5600 | D:7      | Noticed a cyclops
  5605 | D:7      | Elyvilon protects you from harm!
  5629 | D:7      | Elyvilon protects you from harm!
  5630 | D:7      | Killed a death knight
  5636 | D:7      | Killed a cyclops
  5693 | D:7      | Found the ring of Shadows {Umbra +Inv Stlth+}
  5717 | D:7      | Identified the ring of Vyt Duef {Wiz rF+ Will+ rCorr}
  5729 | D:7      | Identified the ring "Puile" {rPois rN+ MP+9 Str+2}
  6001 | D:7      | Noticed a manticore
  6011 | D:7      | Pacified a manticore
  6012 | D:7      | Reached skill level 5 in Shields
  6012 | D:7      | Reached skill level 10 in Unarmed Combat
  6452 | D:8      | Noticed Psyche
  6474 | D:8      | Killed Psyche
  6543 | D:8      | Noticed Maggie
  6555 | D:8      | Killed Maggie
  6679 | D:8      | Reached ***** piety under Elyvilon
  6794 | D:8      | Reached XP level 11. HP: 101/102 MP: 14/14
  7089 | D:9      | Noticed a purple ugly thing
  7112 | D:9      | Killed a purple ugly thing
  7120 | D:9      | Paralysed by a hornet for 1 turns
  7128 | D:9      | Noticed a two-headed ogre
  7130 | D:9      | Pacified a two-headed ogre
  7131 | D:9      | Reached skill level 11 in Unarmed Combat
  7154 | D:9      | Found a blossoming altar of Fedhas.
  7625 | D:9      | Noticed a cyan ugly thing
  7640 | D:9      | Killed a cyan ugly thing
  7778 | D:9      | Gained mutation: You are frail. (-10% HP) [potion of
                  | mutation]
  7778 | D:9      | Gained mutation: You are weak. (Str -2) [potion of
                  | mutation]
  7778 | D:9      | Gained mutation: Your mind is acute. (Int +2) [potion of
                  | mutation]
  7779 | D:9      | Lost mutation: You are weak. (Str -2) [potion of mutation]
  7779 | D:9      | Lost mutation: Your mind is acute. (Int +2) [potion of
                  | mutation]
  7779 | D:9      | Gained mutation: You are strong-willed. (Will+) [potion of
                  | mutation]
  7779 | D:9      | Gained mutation: Your muscles are strong. (Str +2) [potion
                  | of mutation]
  7780 | D:9      | Lost mutation: Your muscles are strong. (Str +2) [potion of
                  | mutation]
  7780 | D:9      | Lost mutation: You are strong-willed. (Will+) [potion of
                  | mutation]
  7780 | D:9      | Lost mutation: You are frail. (-10% HP) [potion of
                  | mutation]
  7780 | D:9      | Gained mutation: You are agile. (Dex +2) [potion of
                  | mutation]
  7780 | D:9      | Gained mutation: Your body sometimes deteriorates upon
                  | taking damage. [potion of mutation]
  7780 | D:9      | Gained mutation: Your muscles are strong. (Str +2) [potion
                  | of mutation]
  7780 | D:9      | Gained mutation: You possess an exceptional clarity of
                  | mind. [potion of mutation]
  7781 | D:9      | Lost mutation: Your muscles are strong. (Str +2) [potion of
                  | mutation]
  7781 | D:9      | Lost mutation: Your body sometimes deteriorates upon taking
                  | damage. [potion of mutation]
  7781 | D:9      | Gained mutation: You occasionally shout uncontrollably at
                  | your foes. [potion of mutation]
  7832 | D:10     | Entered Level 10 of the Dungeon
  7832 | D:10     | Noticed Erolcha
  7934 | D:10     | Noticed a two-headed ogre
  7937 | D:10     | Pacified a two-headed ogre
  7997 | D:10     | Killed Erolcha
  8072 | D:10     | Found a staircase to the Orcish Mines.
  8177 | D:10     | Noticed a two-headed ogre
  8182 | D:10     | Pacified a two-headed ogre
  8318 | D:10     | Reached skill level 12 in Unarmed Combat
  8417 | D:11     | Reached XP level 12. HP: 64/111 MP: 16/16
  8582 | D:11     | Noticed a two-headed ogre
  8583 | D:11     | Found a staircase to the Lair.
  8585 | D:11     | Pacified a two-headed ogre
  8624 | Lair:1   | Entered Level 1 of the Lair of Beasts
  8739 | D:11     | Noticed a six-headed hydra
  8743 | D:11     | Pacified a six-headed hydra
  8879 | D:11     | Noticed a two-headed ogre
  8882 | D:11     | Pacified a two-headed ogre
  8883 | D:11     | Found a sacrificial altar of Ru.
  8910 | D:11     | Noticed a two-headed ogre
  8911 | D:11     | Noticed a centaur warrior
  8912 | D:11     | Pacified a centaur warrior
  8926 | D:11     | Killed a two-headed ogre
  8987 | Lair:1   | Acquired a +0 hat of stealth
  9559 | Lair:2   | Noticed a six-headed hydra
  9571 | Lair:2   | Pacified a six-headed hydra
  9665 | Lair:2   | Reached skill level 13 in Unarmed Combat
  9787 | Lair:2   | Noticed a seven-headed hydra
  9807 | Lair:2   | Pacified a seven-headed hydra
  9844 | Lair:2   | Found a staircase to the Shoals.
 10432 | Lair:3   | Reached XP level 13. HP: 114/119 MP: 18/18
 10658 | Lair:3   | You fall into a shaft and drop 2 floors!
 11016 | Lair:4   | Reached skill level 1 in Armour
 11094 | Lair:4   | Reached skill level 14 in Unarmed Combat
 11382 | Lair:4   | Found a hole to the Spider Nest.
 11958 | D:4      | Bought a scroll of blinking for 75 gold pieces
 11958 | D:4      | Bought a scroll of identify for 20 gold pieces
 11958 | D:4      | Bought a scroll of blinking for 75 gold pieces
 11958 | D:4      | Bought a scroll of magic mapping for 35 gold pieces
 11958 | D:4      | Bought a scroll of blinking for 75 gold pieces
 11958 | D:4      | Bought a scroll of blinking for 75 gold pieces
 12813 | Lair:5   | Reached skill level 10 in Shields
 13180 | Lair:5   | Found a staircase to the Slime Pits.
 13187 | Slime:1  | Entered Level 1 of the Pits of Slime
 13187 | Slime:1  | Noticed an acid blob
 13187 | Slime:1  | Noticed a rockslime
 13212 | Lair:6   | Entered Level 6 of the Lair of Beasts
 13214 | Lair:6   | Found the +1 robe of Vines {NoPotionHeal Regen++++}
 13239 | Lair:6   | Reached XP level 14. HP: 125/131 MP: 19/19
 13536 | Lair:5   | Noticed Rupert
 13960 | Lair:5   | Killed Rupert
 14341 | Lair:6   | Reached skill level 5 in Armour
 14559 | Lair:6   | Reached skill level 15 in Unarmed Combat
 14846 | Lair:6   | Found a burning altar of Makhleb.
 14953 | Lair:6   | Found a gateway to Hell.
 15495 | Orc:1    | Entered Level 1 of the Orcish Mines
 15852 | Orc:1    | You fall into a shaft and drop 1 floor!
 15852 | Orc:2    | Entered Level 2 of the Orcish Mines
 15852 | Orc:2    | Found Tymnobec's Armour Emporium.
 15852 | Orc:2    | Found Topnocej's Magic Scroll Shoppe.
 15852 | Orc:2    | Found Catzucvu's Antique Armour Shoppe.
 15852 | Orc:2    | Found Heison's Book Shop.
 15857 | Orc:2    | Found a staircase to the Elven Halls.
 15898 | Orc:2    | Reached skill level 10 in Invocations
 15904 | Orc:2    | HP: 3/133 [troll (4)]
 15904 | Orc:2    | Elyvilon protects you from harm!
 15945 | Orc:2    | Slain by a two-headed ogre

Illustrated notes

Levels and vault maps discovered:
D:1:      dpeg_arrival_pits, layout_basic,
          shapermc_ecumenical_altar_mp_ritualfount, serial_shops, shop
D:2:      layout_basic, basic_altar, uniq_robin
D:3:      layout_loops_ring, uniq_grinder, uniq_pargi
D:4:      layout_basic, minmay_temple_entry_glass, serial_shops,
          nicolae_shop_advertising_works [nicolae_subvault_shop_adworks],
          uniq_pikel
D:5:      layout_basic, mainiacjoe_overflow_surrounded_room,
          hellmonk_ghost_happy_afterlife, uniq_duvessa
D:6:      wander_river, layout_basic, nicolae_ossuary_entry_catacombs,
          minmay_checkerbox
D:7:      minmay_the_grid_octo_triangle [minmay_the_grid_octo_toaster,
          minmay_the_grid_octo_prize_big_c, minmay_the_grid_octo_checkerflower],
          layout_loops_ring, grunt_ministairs_2
D:8:      layout_cave_pools, uniq_maggie, uniq_psyche
D:9:      layout_loops_ring, minmay_ruined_shrine
D:10:     layout_rooms, hiddenorc1_lemuel, uniq_erolcha
D:11:     layout_basic, lair_entry_dummy, nicolae_ru_path_of_blood
Temple:   mainiacjoe_temple_circle_huts
Lair:1:   layout_regular_city
Lair:2:   layout_misc_corridors, minmay_shoals_entry_centaurs,
          grunt_megastairs_2, lemuel_fruit_tree, infiniplex_staircase_pool_2
Lair:3:   lemuel_slime, layout_chaotic_city, nicolae_quartered_pool_impasse
Lair:4:   layout_roguey, hellmonk_spider_entry_life_and_decay
Lair:5:   layout_regular_city, dpeg_slime_entry_corner, serial_bayou_shore_b,
          uniq_rupert
Lair:6:   evil_forest, layout_loops_ring, hellmonk_guarded_unrand_vines
Slime:1:  layout_caves, cheibrodos_slime_lost_civilization_4
Orc:1:    hellmonk_paralyzer, layout_caves, abandoned_shop
Orc:2:    st_orc_open, layout_diamond_mine

Skill      XL: |  1  2  3  4  5  6  7  8  9 10 11 12 13 14 |
---------------+-------------------------------------------+-----
Dodging        | 2 3 4 5 6 7 8 |  8.3
Unarmed Combat | 3 4 5 6 7 9 10 12 13 14 15 | 15.5
Fighting       | 3 4 5 6 7 |  7.3
Invocations    | 1 2 3 4 5 6 7 8 9 10 | 10.0
Shields        | 4 5 7 9 10 | 10.6
Armour         | 4 6 |  6.4
Stealth        | |  2.7

Action                   |  1- 3 |  4- 6 |  7- 9 | 10-12 | 13-15 || total
-------------------------+-------+-------+-------+-------+-------++-------
Melee: Unarmed           |    10 |   185 |   388 |   568 |   739 ||  1890
       Punch             |     1 |     3 |     8 |       |       ||    12
       Whip              |       |       |     2 |       |    12 ||    14
Throw: Dart              |       |       |     1 |       |       ||     1
Invok: Heal Self         |       |       |     3 |     1 |    11 ||    15
       Heal Other        |       |       |     1 |    28 |    24 ||    53
       Purification      |       |       |       |       |     3 ||     3
Evoke: Wand              |     2 |     4 |     1 |     3 |     3 ||    13
  Use: Scroll            |       |     1 |     6 |    18 |     9 ||    34
       Potion            |       |       |       |    12 |     3 ||    15
 Stab: Sleeping          |     1 |    16 |     6 |    11 |     7 ||    41
       Distracted        |       |       |       |       |     1 ||     1
       Petrified         |       |       |       |       |     1 ||     1
Armor: Robe              |     1 |    66 |    43 |       |       ||   110
       Troll leather arm |       |       |   147 |   156 |   272 ||   575
Dodge: Dodged            |     1 |    84 |   190 |   247 |   433 ||   955
Block: Kite shield       |       |       |    63 |   269 |   546 ||   878
